 Dungeon Crawl Stone Soup version 0.27.0-1-g7a089689b8 (webtiles) character file.

Game seed: 16508461605178101978

60251 rjrrt the Bewitcher (level 12, 0/51 HPs)
             Began as a Spriggan Enchanter on Aug 11, 2021.
             Was the Champion of Ru.
             Slain by an ice devil (21 damage)
             ... on level 6 of the Lair of Beasts.
             The game lasted 01:18:34 (27196 turns).

rjrrt the Bewitcher (Spriggan Enchanter)           Turns: 27196, Time: 01:18:34

Health: 0/51       AC:  9    Str:  4    XL:     12   Next: 56%
Magic:  21/22      EV: 27    Int: 20    God:    Ru [******]
Gold:   2273       SH:  0    Dex: 17    Spells: 0/23 levels left

rFire    . . .     SeeInvis +   a - +6 quick blade (freeze)
rCold    . . .     Faith    .   (shield restricted)
rNeg     . . .     Spirit   .   E - +2 steam dragon scales
rPois    .         Reflect  .   g - +2 hat
rElec    .         Harm     .   e - scarf {repulsion}
rCorr    .         Rampage  .   (gloves unavailable)
Will     ++...                  (boots unavailable)
Stlth    ++++++....             h - amulet of magic regeneration
HPRegen  0.17/turn              n - +4 ring of evasion
MPRegen  0.43/turn              C - ring of wizardry

@: confusing by touch, repel missiles, very quick
A: very small, no large weapons, unfitting armour, see invisible, speed 3,
inability to use devices, no necromancy magic, no poison magic, no
transmutations magic, reduced EV 1, inexperienced 1
a: Renounce Religion, Draw Out Power, Power Leap, Apocalypse


You were on level 6 of the Lair of Beasts.
You worshipped Ru.
Ru was exalted by your worship.
You visited 3 branches of the dungeon, and saw 18 of its levels.
You also visited: Ossuary.

You collected 2273 gold pieces.

Inventory:

Hand Weapons
 a - a +6 quick blade of freezing (weapon)
 b - a +4 dagger of electrocution
 B - the +6 hand axe of Soif {drain, rElec rN+}
   (You took it off a gnoll shaman on level 7 of the Dungeon)

   A truly terrible weapon, it drains the life of any living foe it strikes.
   rElec:     It insulates you from electricity.
   rN:        It protects you from negative energy.
Missiles
 k - 55 poisoned darts (quivered)
 s - 2 throwing nets
Armour
 e - a scarf of repulsion (worn)
 g - a +2 hat (worn)
 m - the +1 robe of the Eight Boll Weevils {+Inv rPois Int+4}
   (You found it on level 7 of the Dungeon)

   Int:       It affects your intelligence (+4).
   rPois:     It protects you from poison.
   +Inv:      It lets you turn invisible.
 D - a scarf of shadows
 E - +2 steam dragon scales (worn)
Jewellery
 h - an amulet of magic regeneration (around neck)
 l - a +4 ring of evasion
 n - a +4 ring of evasion (left hand)
 C - a ring of wizardry (right hand)
 F - a ring of resist corrosion
Scrolls
 t - 8 scrolls of fog
 x - 7 scrolls of teleportation
 z - 3 scrolls of fear
 G - 2 scrolls of magic mapping
 L - a scroll of summoning
Potions
 c - a potion of haste
 d - 4 potions of mutation
 f - a potion of magic {unknown}
 i - a potion of brilliance {unknown}
 j - 2 potions of cancellation
 o - 3 potions of might
 p - 3 potions of curing
 q - 4 potions of heal wounds
 r - 5 potions of attraction
 u - 10 potions of flight
 v - 5 potions of ambrosia
 A - a potion of experience {unknown}
 H - 2 potions of berserk rage
 J - 3 potions of lignification
 K - a potion of invisibility


   Skills:
 - Level 10.0 Short Blades
 - Level 2.0 Armour
 - Level 15.0 Dodging
 - Level 15.0 Stealth
 - Level 6.0 Spellcasting
 * Level 20.0 Hexes
 - Level 2.0 Ice Magic


You couldn't memorise any spells.
You knew the following spells:

 Your Spells              Type           Power      Damage    Failure   Level
a - Confusing Touch       Hex            72%        N/A       0%          3
b - Ensorcelled Hibernat  Hex/Ice        100%       N/A       1%          2
c - Tukima's Dance        Hex            72%        N/A       0%          3
d - Dazzling Flash        Conj/Hex       92%        N/A       1%          3
e - Fulminant Prism       Conj/Hex       23%        3d13      1%          4
f - Discord               Hex            36%        N/A       8%          8

Your spell library contained the following spells:

 Spells                   Type           Power      Damage    Failure   Level
 Corona                   Hex            80%        N/A       0%          1
 Slow                     Hex            72%        N/A       0%          2
 Inner Flame              Hex/Fire       46%        N/A       1%          3
 Foxfire                  Conj/Fire      24%        2x1d5     4%          1
 Magic Dart               Conj           24%        1d4       4%          1
 Sandblast                Erth           12%        2d6       4%          1
 Call Imp                 Summ           6%         N/A       6%          2
 Searing Ray              Conj           12%        3d3       6%          2
 Conjure Flame            Conj/Fire      6%         6-21      12%         3
 Lee's Rapid Deconstruct  Erth           3%         3d6*      71%         5
 Conjure Ball Lightning   Conj/Air       3%         3x3d6     99%         6
 Shadow Creatures         Summ           N/A        N/A       99%         6
 Summon Hydra             Summ           3%         N/A       100%        7
 Disjunction              Tloc           3%         N/A       100%        8
 Yara's Violent Unravell  Hex/Tmut       Unusable   3d10      N/A         5
 Passwall                 Tmut/Erth      Unusable   N/A       N/A         2
 Sublimation of Blood     Necr           Unusable   N/A       N/A         2
 Wereblood                Tmut           Unusable   N/A       N/A         2
 Mephitic Cloud           Conj/Pois/Air  Unusable   N/A       N/A         3
 Spider Form              Tmut/Pois      Unusable   N/A       N/A         3
 Borgnjor's Revivificati  Necr           Unusable   N/A       N/A         8
 Necromutation            Tmut/Necr      Unusable   N/A       N/A         8
 Death's Door             Necr           Unusable   N/A       N/A         9

Dungeon Overview and Level Annotations

Branches:
Dungeon (11/15)            Temple (0/1) D:7            Lair (6/6) D:8
  Swamp (0/4) Lair:3        Snake (0/4) Lair:3        Slime (0/5) Lair:6
    Orc (1/2) D:11        Ossuary (visited)

Altars:
Ashenzari
Cheibriados
Dithmenos
Fedhas
Hepliaklqana
Makhleb
Nemelex Xobeh
Ru
Trog
Uskayaw
Vehumet
Yredelemnul
Jiyva

Annotations:
D:7 2 runed translucent doors
D:8 3 runed translucent doors, Stronkponker's ghost, novice GrEE
Lair:6 exclusion: 4 oklob plants


Innate Abilities, Weirdness & Mutations

You are very small and have problems with some larger weapons.
You are too small for most types of armour.
You have supernaturally acute eyesight. (SInv)
You cover ground extremely quickly. (Speed+++)
You cannot study or use magical devices.
You cannot study or cast Necromancy magic.
You cannot study or cast Poison magic.
You cannot study or cast Transmutations magic.
You have somewhat slow reflexes. (EV -5)
You are somewhat inexperienced. (-2 XL)


Message History

An ice devil is nearby!
Casting: Confusing Touch (safe; 0% risk of failure)
Confirm with . or Enter, or press ? or * to list all spells.
Your hands begin to glow red.
The ice devil completely misses you.
You hit the ice devil but do no damage.
The ice devil is stunned by your conviction and fails to attack.
You hit the ice devil but do no damage. You hit the ice devil but do no damage.
You hit the ice devil but do no damage. You hit the ice devil but do no damage.
The ice devil hits you! The ice devil freezes you!!
You focus your inner power and blind the ice devil in retribution!
Unknown command.
You redirect the ice devil's attack!
The ice devil barely misses itself.
You start resting.
Your hands stop glowing.
You start resting.
An ice devil is nearby!
Casting: Confusing Touch (safe; 0% risk of failure)
Confirm with . or Enter, or press ? or * to list all spells.
Your hands begin to glow red.
The ice devil hits you. The ice devil freezes you!!
* * * LOW HITPOINT WARNING * * *
Unknown command.
You barely miss the ice devil. The ice devil completely misses you.
Unknown command.
You feel much better. The ice devil barely misses you.
You hit the ice devil but do no damage. You hit the ice devil but do no damage.
You hit the ice devil but do no damage. The ice devil completely misses you.
You hit the ice devil but do no damage. You hit the ice devil but do no damage.
You hit the ice devil but do no damage. The ice devil completely misses you.
You hit the ice devil but do no damage. You hit the ice devil but do no damage.
You hit the ice devil but do no damage. You hit the ice devil but do no damage.
The ice devil hits you. The ice devil freezes you!!
You die...

.#...............♣ ♣♣..♣♣
♣ P#..............♣♣
♣♣..♣♣ .#÷............♣♣
♣♣..♣♣♣ #†#............♣
♣..♣..♣♣ ..#...........♣♣
♣♣..♣♣..♣
P..............♣
♣♣..♣♣♣♣.♣♣
........P.....♣♣♣ ♣♣♣..♣♣
♣..♣♣
#.#####P##......♣♣♣♣..♣♣♣
♣♣...♣ ###
######....@♣..♣♣♣ ♣....♣
#....♣4♣♣♣ ♣)..♣♣
#P..♣♣♣♣ ♣♣♣♣♣ #♣♣♣♣


You could see an ice devil.

Vanquished Creatures
  3 boulder beetles
  A catoblepas (Lair:2)
  9 hydras
  A death knight (D:7)
  Erica (D:10)
  A centaur warrior (D:8)
  3 two-headed ogres
  A sun demon (Lair:6)
  Nergalle (Lair:3)
  A wizard (Lair:6)
  Pikel (D:4)
  16 elephants
  3 cyclopes
  A manticore (D:11)
  2 orange demons (Lair:6)
  8 black mambas
  A gargoyle (D:7)
  17 cane toads
  7 rime drakes
  9 komodo dragons
  3 trolls
  A red devil (Lair:6)
  A tyrant leech (Lair:3)
  2 polar bears
  A queen bee (Lair:5)
  3 meliai (Lair:5)
  5 dream sheep (Lair:5)
  2 slime creatures (D:7)
  12 blink frogs
  A wyvern (D:7)
  2 wraiths
  7 basilisks
  48 yaks
  3 steam dragons
  4 vampire mosquitoes
  Edmund (D:6)
  3 swamp worms (Lair:3)
  An acid dragon (D:5)
  3 hell hounds (Lair:6)
  25 water moccasins
  2 black bears (D:8)
  3 orc warriors
  A sky beast (D:3)
  3 ice beasts (D:7)
  39 wolves
  An ogre (D:4)
  2 necrophages
  3 centaurs
  4 phantoms
  Blork the orc (D:5)
  A kobold brigand (D:8)
  A gnoll sergeant (D:10)
  16 bullfrogs
  4 scorpions
  A water moccasin skeleton (D:5)
  23 killer bees
  5 wights (D:7)
  6 howler monkeys
  An electric eel (D:10)
  3 centaur zombies
  A bullfrog zombie (D:7)
  2 hounds
  A jelly (D:10)
  3 orc priests
  A gnoll shaman (D:7)
  An iron imp (D:3)
  4 iguanas
  An orc wizard (D:10)
  Terence (D:2)
  A hound skeleton (D:4)
  A mummy (Ossuary)
  Robin (D:2)
  A howler monkey zombie (D:10)
  9 gnolls
  7 adders
  A howler monkey skeleton (D:4)
  3 shadow imps
  A worm (D:2)
  2 dart slugs
  23 orcs
  10 endoplasms
  A giant cockroach (D:1)
  4 hobgoblins
  7 jackals
  4 quokkas (D:1)
  9 ball pythons
  6 bats
  3 frilled lizards
  4 gnoll skeletons (Ossuary)
  20 goblins
  8 kobolds
  8 kobold skeletons (Ossuary)
  13 orc skeletons (Ossuary)
  8 rats
505 creatures vanquished.

Vanquished Creatures (collateral kills)
  An orc (D:5)
1 creature vanquished.

Vanquished Creatures (others)
  A bush (Lair:3)
  40 fungi
  43 plants
84 creatures vanquished.

Grand Total: 590 creatures vanquished

Notes
Turn   | Place    | Note
-------+----------+-------------------------------------------
     0 | D:1      | rjrrt the Spriggan Enchanter began the quest for the Orb.
     0 | D:1      | Reached XP level 1. HP: 9/9 MP: 5/5
   331 | D:1      | Reached XP level 2. HP: 13/13 MP: 6/6
   334 | D:1      | Learned a level 2 spell: Ensorcelled Hibernation
   682 | D:1      | Reached skill level 4 in Hexes
  1226 | D:2      | Reached XP level 3. HP: 16/16 MP: 6/8
  1322 | D:2      | Found a shadowy altar of Dithmenos.
  1322 | D:2      | Noticed Robin
  1534 | D:2      | Reached skill level 5 in Stealth
  2060 | D:2      | Noticed Terence
  2070 | D:2      | Reached XP level 4. HP: 18/21 MP: 5/9
  2073 | D:2      | Killed Terence
  2614 | D:2      | Killed Robin
  2863 | D:3      | Reached skill level 1 in Ice Magic
  2871 | D:3      | Learned a level 3 spell: Tukima's Dance
  2972 | D:3      | Reached XP level 5. HP: 24/24 MP: 7/11
  3152 | D:3      | Reached skill level 5 in Hexes
  3161 | D:3      | Noticed a sky beast
  3465 | D:3      | Found a snail-covered altar of Cheibriados.
  3798 | D:3      | Killed a sky beast
  3799 | D:3      | Reached XP level 6. HP: 28/28 MP: 10/12
  3889 | D:3      | Found a sacrificial altar of Ru.
  4026 | D:3      | Became a worshipper of Ru the Awakened
  4157 | D:4      | Found a radiant altar of Vehumet.
  4362 | D:4      | Noticed Pikel
  4583 | D:4      | Found a hide-covered altar of Uskayaw.
  4891 | D:4      | Reached XP level 7. HP: 32/32 MP: 14/14
  4922 | D:4      | Reached skill level 6 in Hexes
  5174 | D:4      | Killed Pikel
  5175 | D:4      | Reached skill level 5 in Dodging
  5175 | D:4      | Reached skill level 5 in Spellcasting
  5175 | D:4      | Reached skill level 7 in Hexes
  5175 | D:4      | Reached XP level 8. HP: 36/36 MP: 14/16
  5401 | D:4      | Found a blossoming altar of Fedhas.
  5499 | D:4      | Identified a scroll of acquirement
  5499 | D:4      | Acquired 914 gold pieces
  5552 | D:5      | Entered Level 5 of the Dungeon
  5647 | D:5      | Gained mutation: You have somewhat slow reflexes. (EV -5)
                  | [Ru sacrifice]
  5647 | D:5      | Reached * piety under Ru
  6253 | D:5      | Reached skill level 8 in Hexes
  6451 | D:5      | Noticed Blork the orc
  6488 | D:5      | Killed Blork the orc
  7176 | D:6      | Reached skill level 5 in Short Blades
  7176 | D:6      | Reached XP level 9. HP: 39/39 MP: 16/19
  7544 | D:6      | Noticed Edmund
  7605 | D:6      | Found a sparkling altar of Nemelex Xobeh.
  7620 | D:6      | Killed Edmund
  7853 | D:7      | Found a runed translucent door.
  7854 | D:7      | Noticed a skeletal warrior
  7945 | D:7      | Found a sand-covered staircase.
  8052 | Ossuary  | Entered an ossuary
  8476 | Ossuary  | Reached skill level 1 in Armour
  8558 | D:7      | Reached skill level 9 in Hexes
  8628 | D:7      | Learned a level 3 spell: Confusing Touch
  8698 | D:7      | Gained mutation: You are somewhat inexperienced. (-2 XL)
                  | [Ru sacrifice]
  8698 | D:7      | Reached XP level 8. HP: 36/36 MP: 18/18
  8698 | D:7      | Reached XP level 7. HP: 32/32 MP: 17/17
  8698 | D:7      | Reached ** piety under Ru
  8698 | D:7      | Reached *** piety under Ru
  8719 | D:7      | Found a staircase to the Ecumenical Temple.
  8740 | D:7      | Identified the +6 hand axe of Soif {drain, rElec rN+}
  8821 | D:7      | Found a runed translucent door.
  8821 | D:7      | Noticed a boulder beetle
  9181 | D:7      | Noticed a cyclops
  9212 | D:7      | Noticed a death knight
  9737 | D:8      | Noticed a two-headed ogre
  9773 | D:8      | Killed a two-headed ogre
  9774 | D:8      | Reached skill level 10 in Hexes
  9776 | D:8      | Reached XP level 8. HP: 36/36 MP: 14/18
  9848 | D:8      | Found a runed translucent gate.
  9849 | D:8      | Found a runed translucent gate.
  9849 | D:8      | Found a runed translucent gate.
  9849 | D:8      | Noticed Stronkponker's ghost (novice GrEE)
  9849 | D:8      | Noticed a nine-headed hydra
  9850 | D:8      | Noticed an 11-headed hydra
 10108 | D:8      | Reached skill level 10 in Stealth
 10424 | D:8      | Found a staircase to the Lair.
 10533 | Lair:1   | Entered Level 1 of the Lair of Beasts
 10536 | Lair:1   | Noticed a cane toad
 10549 | Lair:1   | Killed a cane toad
 10550 | Lair:1   | Reached skill level 10 in Dodging
 10550 | Lair:1   | Noticed a black mamba
 10640 | D:8      | Found a basalt altar of Yredelemnul.
 10645 | D:8      | Learned a level 3 spell: Dazzling Flash
 10674 | D:8      | Noticed a centaur warrior
 10803 | D:8      | Killed a centaur warrior
 10960 | D:8      | Reached skill level 11 in Hexes
 11186 | D:8      | Learned a level 2 spell: Passwall
 11441 | D:9      | Found a broken altar of Ashenzari.
 11467 | D:9      | Found a hazy altar of Hepliaklqana.
 11668 | D:9      | Noticed a two-headed ogre
 11676 | D:9      | Killed a two-headed ogre
 11755 | D:9      | Reached XP level 9. HP: 32/39 MP: 7/19
 12105 | D:10     | Entered Level 10 of the Dungeon
 12845 | D:10     | Reached skill level 12 in Hexes
 12907 | D:10     | Gained mutation: You cannot study or cast Poison magic. [Ru
                  | sacrifice]
 12907 | D:10     | Gained mutation: You cannot study or cast Transmutations
                  | magic. [Ru sacrifice]
 12907 | D:10     | Gained mutation: You cannot study or cast Necromancy magic.
                  | [Ru sacrifice]
 12907 | D:10     | Reached **** piety under Ru
 13167 | D:10     | Noticed Erica
 13370 | D:10     | Killed Erica
 13390 | D:10     | Learned a level 4 spell: Fulminant Prism
 13577 | D:11     | Noticed a two-headed ogre
 13595 | D:11     | Killed a two-headed ogre
 13689 | D:11     | Found a staircase to the Orcish Mines.
 13985 | D:11     | Reached skill level 13 in Hexes
 14151 | D:11     | Identified the +2 chain mail of the Pits of Slime {Rampage
                  | Fly Int+2}
 14237 | D:11     | Noticed a tengu warrior
 14252 | Orc:1    | Entered Level 1 of the Orcish Mines
 14912 | D:8      | Reached XP level 10. HP: 44/44 MP: 17/20
 15771 | Lair:1   | Noticed a six-headed hydra
 15828 | Lair:1   | Killed a six-headed hydra
 16187 | Lair:2   | Gained mutation: You cannot study or use magical devices.
                  | [Ru sacrifice]
 16187 | Lair:2   | Reached ***** piety under Ru
 16187 | Lair:2   | Reached ****** piety under Ru
 16226 | Lair:2   | Reached skill level 14 in Hexes
 16260 | Lair:2   | Acquired a +6 quick blade
 16595 | Lair:2   | Noticed a boulder beetle
 16601 | Lair:2   | Killed a boulder beetle
 17185 | Lair:2   | Noticed a catoblepas
 17196 | Lair:2   | Killed a catoblepas
 17745 | Lair:3   | Noticed a seven-headed hydra
 17774 | Lair:3   | Killed a seven-headed hydra
 17910 | Lair:3   | Noticed an eight-headed hydra
 17923 | Lair:3   | Killed an eight-headed hydra
 17930 | Lair:3   | Noticed a seven-headed hydra
 17971 | Lair:3   | Killed a seven-headed hydra
 17972 | Lair:3   | Reached skill level 15 in Dodging
 17980 | Lair:3   | Reached XP level 11. HP: 47/47 MP: 6/21
 18101 | Lair:3   | Found a staircase to the Snake Pit.
 18301 | Lair:3   | Reached skill level 15 in Hexes
 18304 | Lair:3   | Reached skill level 10 in Short Blades
 18725 | Lair:3   | Noticed Nergalle
 18748 | Lair:3   | Killed Nergalle
 18774 | Lair:3   | Found a staircase to the Swamp.
 19712 | D:7      | Identified the +1 robe of the Eight Boll Weevils {+Inv
                  | rPois Int+4}
 20529 | Lair:4   | Reached skill level 15 in Stealth
 20727 | Lair:4   | Reached skill level 16 in Hexes
 21575 | Lair:5   | Reached skill level 17 in Hexes
 22045 | Lair:5   | Found a bloodstained altar of Trog.
 22865 | Lair:5   | Reached skill level 18 in Hexes
 23007 | Lair:5   | Reached XP level 12. HP: 18/51 MP: 18/22
 23525 | Lair:5   | You fall into a shaft and drop 1 floor!
 23525 | Lair:6   | Entered Level 6 of the Lair of Beasts
 24272 | Lair:5   | HP: 2/51 [killer bee (3)]
 25088 | Lair:6   | Found a viscous altar of Jiyva.
 25089 | Lair:6   | Found a staircase to the Slime Pits.
 25152 | Lair:6   | Learned a level 8 spell: Discord
 25241 | Lair:6   | Acquired 315 gold pieces
 25298 | Lair:6   | Reached skill level 19 in Hexes
 26500 | Lair:6   | HP: 1/51 [something (6)]
 26913 | Lair:6   | Found a burning altar of Makhleb.
 27089 | Lair:6   | Reached skill level 20 in Hexes
 27196 | Lair:6   | Slain by an ice devil

Illustrated notes

Levels and vault maps discovered:
D:1:      minmay_arrival_cross, layout_loops_ring, minmay_strange_pillars,
          grunt_decor_fettered
D:2:      layout_loops_ring, basic_altar, uniq_robin, uniq_terence
D:3:      cheibrodos_pilgrimage, layout_loops_ring,
          nicolae_ru_the_path_less_chosen, chei_slow_surprise,
          minmay_fractal_squares_5
D:4:      layout_basic, nicolae_overflow_hidden_temple, lemuel_tele_altar,
          overflow_temple_1_default, minivault_24, minmay_misc_feat_iff,
          grunt_ministairs_3, minmay_increasing_density, uniq_pikel
D:5:      layout_rooms, glass_columns_a, uniq_blork_the_orc
D:6:      layout_loops_ring, mainiacjoe_overflow_alcove_1, uniq_edmund
D:7:      minmay_the_grid_triangle_9x9_recursive_2
          [minmay_the_grid_triangle_9x9_prize_top_heavy,
          minmay_the_grid_triangle_9x9_tough_junction,
          minmay_the_grid_triangle_9x9_skeleton,
          minmay_the_grid_triangle_9x9_sparse_checkered], layout_basic,
          minmay_temple_entry_slanted, nicolae_ossuary_entry_monument
D:8:      layout_basic, mainiacjoe_overflow_six_doors_small,
          grunt_lair_entry_orc_guard_hut, gammafunk_ghost_hydra_chop
D:9:      layout_rooms, chequers_temple_overflow_statue_of_worship
D:10:     layout_basic, uniq_erica
D:11:     layout_basic, kb_lookout_dungeons_type
Lair:1:   layout_cave_pods, grunt_forest_large_clearings
Lair:2:   layout_long_grid, nicolae_lair_grove_arrangements, st_stairs_11,
          serial_bayou_lake_a
Lair:3:   layout_cave_shapes, palyth_hydra_swamp_entry,
          minmay_snake_entry_six_corridors, st_stairs_3, uniq_nergalle
Lair:4:   layout_hall_layers, minivault_19, grunt_megastairs_4,
          lemuel_fruit_tree
Lair:5:   layout_cave_pods, basic_altar, special_room [special_room_bee],
          beast_lair_carwin_10, grunt_megastairs_3
Lair:6:   evil_forest, layout_regular_city, dpeg_slime_entry_enclosed_altar,
          lemuel_fruit_fields, minmay_lair_oklob_chamber
Orc:1:    layout_caves, nicolae_shop_firing_range

Skill      XL: |  1  2  3  4  5  6  7  8  9 10 11 12 |
---------------+-------------------------------------+-----
Dodging        | 3 4 9 11 13 15 | 15.0
Hexes          | 4 5 10 11 13 14 18 20 | 20.0
Spellcasting   | 3 4 5 6 |  6.0
Stealth        | 5 6 7 11 12 14 15 | 15.0
Short Blades   | 2 3 6 7 8 9 10 | 10.0
Ice Magic      | 1 2 |  2.0
Armour         | 2 1 |  2.0

Action                   |  1- 3 |  4- 6 |  7- 9 | 10-12 || total
-------------------------+-------+-------+-------+-------++-------
Melee: Dagger            |   103 |   167 |   460 |    51 ||   781
       Unarmed           |       |     1 |       |       ||     1
       Quick blade       |       |       |       |   647 ||   647
Throw: Dart              |       |       |    16 |    16 ||    32
 Cast: Ensorcelled Hiber |     4 |    28 |   140 |   267 ||   439
       Confusing Touch   |       |       |    11 |    25 ||    36
Invok: Sacrifice Experie |       |       |     1 |       ||     1
       Sacrifice Health  |       |       |     1 |       ||     1
       Sacrifice Arcana  |       |       |     1 |       ||     1
       Sacrifice Artific |       |       |       |     1 ||     1
Evoke: Wand              |       |       |     7 |       ||     7
  Use: Scroll            |       |       |    25 |    14 ||    39
       Potion            |       |       |       |     4 ||     4
 Stab: Sleeping          |    16 |    19 |   107 |   159 ||   301
       Confused          |       |       |     9 |    32 ||    41
       Invisible         |       |       |     1 |     5 ||     6
       Distracted        |       |       |     3 |     4 ||     7
       Paralysed         |       |       |       |     3 ||     3
       Petrified         |       |       |       |     1 ||     1
Armor: Robe              |     9 |    11 |     5 |       ||    25
       Acid dragon scale |       |       |    38 |       ||    38
       Steam dragon scal |       |       |    18 |    30 ||    48
Dodge: Dodged            |    60 |   113 |   288 |   378 ||   839
       Repelled          |       |       |       |     1 ||     1
